MLB
COLORADO ROCKIES @ DETROIT TIGERS
04/10/2099
 
TOP OF THE 1ST
Colorado Rockies batting - Pitching for Detroit Tigers : RHP Rodrigo Mendoza
Pitching: RHP Rodrigo Mendoza
Batting: LHB Glenn Sewell 0-0: Ball
1-0: Called Strike
1-1: Foul Ball, location: 2F
1-2: SINGLE (Line Drive, 78S, EV 103.1 MPH)
Batting: RHB Mike Woodard 0-0: Ball
1-0: Ball
2-0: Ground out 5-3 (Groundball, 56, EV 98.1 MPH)
Glenn Sewell to second
Batting: LHB Matt Beck 0-0: Called Strike
0-1: Fly out, F7 (Flyball, 78M, EV 80.6 MPH)
Batting: RHB Kosuke Sakai 0-0: SINGLE (Groundball, 3S, EV 63.1 MPH) (infield hit)
Glenn Sewell to third
Batting: LHB Jim Davis 0-0: Ball
1-0: Ball
Wild Pitch!
Glenn Sewell scores
Kosuke Sakai to second
2-0: SINGLE (Groundball, 34, EV 104.4 MPH)
Kosuke Sakai to third
Runner from 3rd tries for Home, SAFE, throw by RF to home
Batting: LHB Jeremy Papish 0-0: Called Strike
0-1: Ball
1-1: Fly out, F7 (Flyball, 7, EV 91.3 MPH)
Top of the 1st over - 2 runs, 3 hits, 0 errors, 1 left on base; Colorado 2 - Detroit 0
BOTTOM OF THE 1ST
Detroit Tigers batting - Pitching for Colorado Rockies : LHP Zander Gonzalez
Pitching: LHP Zander Gonzalez
Batting: LHB Tim Wilson 0-0: Ball
1-0: Ball
2-0: Called Strike
2-1: Called Strike
2-2: Ball
3-2: Fly out, F9 (Line Drive, 89D, EV 105.6 MPH)
Batting: RHB Steve Selmon 0-0: Hit by Pitch
Batting: SHB Mike Knighten 0-0: Foul Ball, location: 2F
0-1: Ball
1-1: Called Strike
1-2: Strikes out swinging
Batting: RHB Allan Alessi 0-0: Foul Ball, location: 25FF
0-1: SINGLE (Groundball, 4MD, EV 100.0 MPH)
Steve Selmon to second
Runner from 2nd tries for 3rd, SAFE, no throw by CF
Batting: RHB Edgar Navarrete 0-0: Swinging Strike
0-1: Fly out, F9 (Flyball, 89M, EV 89.4 MPH)
Bottom of the 1st over - 0 runs, 1 hit, 0 errors, 2 left on base; Colorado 2 - Detroit 0
TOP OF THE 2ND
Colorado Rockies batting - Pitching for Detroit Tigers : RHP Rodrigo Mendoza
Batting: LHB Mike Keatts 0-0: Ball
1-0: Foul Ball, location: 2F
1-1: Swinging Strike
1-2: Foul Ball, location: 2F
1-2: Strikes out swinging
Batting: RHB Orlando Serrano 0-0: Foul Ball, location: 2F
0-1: Ball
1-1: Foul Ball, location: 9LSF
1-2: Strikes out swinging
Batting: LHB Jesus Pena 0-0: Ball
1-0: Fly out, F7 (Flyball, 7LM, EV 96.3 MPH)
Top of the 2nd over - 0 runs, 0 hits, 0 errors, 0 left on base; Colorado 2 - Detroit 0
BOTTOM OF THE 2ND
Detroit Tigers batting - Pitching for Colorado Rockies : LHP Zander Gonzalez
Batting: RHB Francisco Salto 0-0: Ball
1-0: Ground out 4-3 (Groundball, 4, EV 88.8 MPH)
Batting: RHB Donald Nohl 0-0: Ball
1-0: Ground out 4-3 (Groundball, 4, EV 81.3 MPH)
Batting: RHB Jake Henson 0-0: Foul Ball, location: 2F
0-1: SINGLE (Line Drive, 56, EV 97.5 MPH)
Batting: RHB Ed Hochstetler 0-0: Ball
1-0: Ball
2-0: SINGLE (Flyball, 89S, EV 95.0 MPH)
Jake Henson to second
Runner from 2nd tries for 3rd, SAFE, no throw by CF
Pitching: RHP Doug Craig
Batting: LHB Tim Wilson 0-0: Swinging Strike
0-1: Fly out, F7 (Line Drive, 7LS, EV 99.4 MPH)
Bottom of the 2nd over - 0 runs, 2 hits, 0 errors, 2 left on base; Colorado 2 - Detroit 0
TOP OF THE 3RD
Colorado Rockies batting - Pitching for Detroit Tigers : RHP Rodrigo Mendoza
Pitching: RHP Blake Dickerson
Batting: LHB Glenn Sewell 0-0: Foul Ball, location: 25FF
0-1: Swinging Strike
0-2: Ball
1-2: Strikes out swinging
Batting: RHB Mike Woodard 0-0: Called Strike
0-1: Ground out 5-3 (Groundball, 5, EV 82.5 MPH)
Batting: LHB Matt Beck 0-0: Called Strike
0-1: Swinging Strike
0-2: Strikes out looking
Top of the 3rd over - 0 runs, 0 hits, 0 errors, 0 left on base; Colorado 2 - Detroit 0
BOTTOM OF THE 3RD
Detroit Tigers batting - Pitching for Colorado Rockies : RHP Doug Craig
Batting: RHB Steve Selmon 0-0: Ball
1-0: Ball
2-0: Ball
3-0: Base on Balls
Batting: SHB Mike Knighten 0-0: Called Strike
0-1: Ball
1-1: Ball
2-1: Foul Ball, location: 3F
2-2: Strikes out swinging
Batting: RHB Allan Alessi 0-0: Ball
Steve Selmon steals 2nd base
1-0: Called Strike
1-1: Ground out 5-3 (Groundball, 5L, EV 85.6 MPH)
Steve Selmon to third
Batting: RHB Edgar Navarrete 0-0: Ground out 1-3 (Groundball, 13S, EV 65.0 MPH)
Bottom of the 3rd over - 0 runs, 0 hits, 0 errors, 1 left on base; Colorado 2 - Detroit 0
TOP OF THE 4TH
Colorado Rockies batting - Pitching for Detroit Tigers : RHP Blake Dickerson
Batting: RHB Kosuke Sakai 0-0: Ball
1-0: Ball
2-0: Ball
3-0: Fly out, F9 (Flyball, 9LS, EV 98.1 MPH)
Batting: LHB Jim Davis 0-0: Called Strike
0-1: Ball
1-1: Swinging Strike
1-2: Foul Ball, location: 2F
1-2: Ball
2-2: Ball
3-2: SOLO HOME RUN (Flyball, 9LD, EV 103.1 MPH), Distance : 373 ft
Batting: LHB Jeremy Papish 0-0: Ball
1-0: Ball
2-0: SINGLE (Groundball, 34D, EV 100.6 MPH)
Batting: LHB Mike Keatts 0-0: Fly out, F8 (Flyball, 8LXD, EV 88.8 MPH)
Runner from 1st tags up, SAFE at 2nd
Batting: RHB Orlando Serrano 0-0: Called Strike
0-1: Foul Ball, location: 5SF
0-2: Ball
1-2: Strikes out swinging
Top of the 4th over - 1 run, 2 hits, 0 errors, 1 left on base; Colorado 3 - Detroit 0
BOTTOM OF THE 4TH
Detroit Tigers batting - Pitching for Colorado Rockies : RHP Doug Craig
Batting: RHB Francisco Salto 0-0: Ball
1-0: Called Strike
1-1: Ball
2-1: Called Strike
2-2: Foul Ball, location: 3DF
2-2: Strikes out swinging
Batting: RHB Donald Nohl 0-0: Ball
1-0: Ball
2-0: Ground out 5-3 (Groundball, 56, EV 103.1 MPH)
Batting: RHB Jake Henson 0-0: Ball
1-0: Ground out 1-3 (Groundball, 13, EV 69.4 MPH)
Bottom of the 4th over - 0 runs, 0 hits, 0 errors, 0 left on base; Colorado 3 - Detroit 0
TOP OF THE 5TH
Colorado Rockies batting - Pitching for Detroit Tigers : RHP Blake Dickerson
Batting: LHB Jesus Pena 0-0: Ball
1-0: Ball
2-0: Ball
3-0: Called Strike
3-1: Base on Balls
Pitching: LHP Victor Casas
Batting: LHB Glenn Sewell 0-0: Foul Ball, location: 2F
0-1: Called Strike
0-2: Foul Ball, location: 3F
0-2: Ball
1-2: 2-RUN HOME RUN (Flyball, 89XD, EV 103.1 MPH), Distance : 414 ft
Batting: RHB Mike Woodard 0-0: Called Strike
0-1: Ball
1-1: Swinging Strike
1-2: Ball
2-2: Reached on error, E6 (Groundball, 56, EV 98.8 MPH)
Batting: LHB Matt Beck 0-0: Ball
1-0: Fly out, F6 (Popup, P, EV 86.3 MPH)
Batting: RHB Kosuke Sakai 0-0: Hit by Pitch
Mike Woodard to second
Batting: LHB Jim Davis 0-0: Ball
1-0: Swinging Strike
1-1: Called Strike
1-2: Ball
2-2: Strikes out swinging
Batting: LHB Jeremy Papish 0-0: Ball
1-0: Called Strike
1-1: Swinging Strike
1-2: Ball
2-2: Strikes out swinging
Top of the 5th over - 2 runs, 1 hit, 1 error, 2 left on base; Colorado 5 - Detroit 0
BOTTOM OF THE 5TH
Detroit Tigers batting - Pitching for Colorado Rockies : RHP Doug Craig
Batting: RHB Ed Hochstetler 0-0: Ball
1-0: Called Strike
1-1: Ball
2-1: Swinging Strike
2-2: Strikes out swinging
Batting: LHB Tim Wilson 0-0: Ball
1-0: Ball
2-0: Ground out 4-3 (Groundball, 4, EV 87.5 MPH)
Batting: RHB Steve Selmon 0-0: Ball
1-0: Swinging Strike
1-1: Ball
2-1: Swinging Strike
2-2: Ball
3-2: Base on Balls
Pitching: RHP Xavier Clayton
Batting: SHB Mike Knighten 0-0: Called Strike
0-1: Ball
1-1: Foul Ball, location: 9LMF
1-2: Ball
2-2: Strikes out swinging
Bottom of the 5th over - 0 runs, 0 hits, 0 errors, 1 left on base; Colorado 5 - Detroit 0
TOP OF THE 6TH
Colorado Rockies batting - Pitching for Detroit Tigers : LHP Victor Casas
Batting: LHB Mike Keatts 0-0: Swinging Strike
0-1: Ball
1-1: Called Strike
1-2: Foul Ball, location: 2F
1-2: Strikes out looking
Batting: RHB Orlando Serrano 0-0: Called Strike
0-1: Ball
1-1: Ball
2-1: TRIPLE (Flyball, 89XD, EV 108.1 MPH)
Batting: LHB Jesus Pena 0-0: Called Strike
0-1: Ground out 5-3 (Groundball, 56S, EV 68.1 MPH)
Orlando Serrano scores
Pitching: RHP John Young
Batting: LHB Glenn Sewell 0-0: Ball
1-0: Ball
2-0: Swinging Strike
2-1: Foul Ball, location: 2F
2-2: Ball
3-2: Foul Ball, location: 2F
3-2: Strikes out swinging passed ball, reaches first!
Batting: RHB Mike Woodard 0-0: Called Strike
0-1: Foul Ball, location: 9LMF
0-2: Ground out 4-3 (Groundball, 4, EV 75.6 MPH)
Top of the 6th over - 1 run, 1 hit, 0 errors, 1 left on base; Colorado 6 - Detroit 0
BOTTOM OF THE 6TH
Detroit Tigers batting - Pitching for Colorado Rockies : RHP Xavier Clayton
Batting: RHB Allan Alessi 0-0: Ball
1-0: Swinging Strike
1-1: Foul Ball, location: 3F
1-2: Ball
2-2: Foul Ball, location: 2F
2-2: Strikes out looking
Batting: LHB Jose Camacho 0-0: Swinging Strike
0-1: Ball
1-1: Swinging Strike
1-2: Foul Ball, location: 7LDF
1-2: Foul Ball, location: 3DF
1-2: Foul Ball, location: 2F
1-2: Foul Ball, location: 23F
1-2: Foul Ball, location: 3FF
1-2: Ball
2-2: Foul Ball, location: 3F
2-2: Foul Ball, location: 2F
2-2: Strikes out swinging
Batting: RHB Francisco Salto 0-0: Called Strike
0-1: Ball
1-1: Ball
2-1: Foul Ball, location: 23F
2-2: DOUBLE (Flyball, 78D, EV 106.3 MPH)
Batting: RHB Donald Nohl 0-0: Ball
1-0: Called Strike
1-1: Ball
2-1: Called Strike
2-2: Strikes out looking
Bottom of the 6th over - 0 runs, 1 hit, 0 errors, 1 left on base; Colorado 6 - Detroit 0
TOP OF THE 7TH
Colorado Rockies batting - Pitching for Detroit Tigers : RHP John Young
Batting: LHB Matt Beck 0-0: Ball
1-0: Ball
2-0: Ball
3-0: Called Strike
3-1: Base on Balls
Batting: RHB Kosuke Sakai 0-0: Called Strike
0-1: Ball
1-1: Foul Ball, location: 3FF
1-2: Foul Ball, location: 9LDF
1-2: Strikes out swinging
Batting: LHB Jim Davis 0-0: Ball
1-0: Called Strike
1-1: Foul Ball, location: 7LSF
1-2: Ball
2-2: Ball
3-2: Base on Balls
Matt Beck to second
Batting: LHB Jeremy Papish 0-0: Called Strike
0-1: Ball
1-1: Foul Ball, location: 2F
1-2: Strikes out swinging
Batting: LHB Mike Keatts 0-0: Ball
1-0: Ball
2-0: Ball
3-0: Called Strike
3-1: Base on Balls
Matt Beck to third
Jim Davis to second
Batting: RHB Orlando Serrano 0-0: Ball
1-0: Foul Ball, location: 3F
1-1: Foul Ball, location: 9LDF
1-2: Strikes out swinging
Top of the 7th over - 0 runs, 0 hits, 0 errors, 3 left on base; Colorado 6 - Detroit 0
BOTTOM OF THE 7TH
Detroit Tigers batting - Pitching for Colorado Rockies : RHP Xavier Clayton
Pitching: RHP Matthew Hodge
Pinch Hitting: LHB Philip Clark 0-0: Foul Ball, location: 7LDF
0-1: Fly out, F9 (Line Drive, 89M, EV 101.3 MPH)
Batting: RHB Ed Hochstetler 0-0: Ball
1-0: Foul Ball, location: 3SF
1-1: Ball
2-1: Ball
3-1: Base on Balls
Batting: LHB Tim Wilson 0-0: Called Strike
0-1: Called Strike
0-2: Foul Ball, location: 3F
0-2: Fielders Choice at 2nd, 3-6 (Groundball, 3, EV 91.3 MPH)
Pinch Hitting: LHB Denny Marshall 0-0: Called Strike
0-1: Called Strike
Tim Wilson steals 2nd base (no throw)
0-2: Ground out 4-3 (Groundball, 4M, EV 79.4 MPH)
Bottom of the 7th over - 0 runs, 0 hits, 0 errors, 1 left on base; Colorado 6 - Detroit 0
TOP OF THE 8TH
Colorado Rockies batting - Pitching for Detroit Tigers : RHP John Young
Pitching: RHP Freddy Hernandez
Now in LF: Denny Marshall
Now in CF: Philip Clark
Batting: LHB Jesus Pena 0-0: Foul Ball, location: 2F
0-1: Called Strike
0-2: Ball
1-2: Ground out 4-3 (Groundball, 34D, EV 106.9 MPH)
Batting: LHB Glenn Sewell 0-0: Ball
1-0: Called Strike
1-1: Swinging Strike
1-2: Ball
2-2: Strikes out looking
Batting: RHB Mike Woodard 0-0: DOUBLE (Flyball, 8LXD, EV 111.9 MPH)
Batting: LHB Matt Beck 0-0: Called Strike
0-1: Ball
1-1: Ground out 4-3 (Groundball, 4, EV 85.6 MPH)
Top of the 8th over - 0 runs, 1 hit, 0 errors, 1 left on base; Colorado 6 - Detroit 0
BOTTOM OF THE 8TH
Detroit Tigers batting - Pitching for Colorado Rockies : RHP Matthew Hodge
Batting: SHB Mike Knighten 0-0: Ball
1-0: Ball
2-0: Ball
3-0: Called Strike
3-1: Base on Balls
Batting: RHB Allan Alessi 0-0: Fly out, F4 (Flyball, 4D, EV 95.0 MPH)
Batting: LHB Jose Camacho 0-0: Ball
1-0: Foul Ball, location: 2F
1-1: Foul Ball, location: 2F
1-2: Ball
2-2: Ball
3-2: Base on Balls
Mike Knighten to second
Batting: RHB Francisco Salto 0-0: Ball
1-0: Ball
2-0: 3-RUN HOME RUN (Line Drive, 9LD, EV 98.1 MPH), Distance : 361 ft
Pitching: RHP Ricky Aguilera
Batting: RHB Donald Nohl 0-0: Ground out 6-3 (Groundball, 6, EV 106.3 MPH)
Batting: LHB Philip Clark 0-0: Called Strike
0-1: Ground out U3 (Groundball, 3, EV 78.1 MPH)
Bottom of the 8th over - 3 runs, 1 hit, 0 errors, 0 left on base; Colorado 6 - Detroit 3
TOP OF THE 9TH
Colorado Rockies batting - Pitching for Detroit Tigers : RHP Freddy Hernandez
Batting: RHB Kosuke Sakai 0-0: Ball
1-0: Swinging Strike
1-1: Ball
2-1: DOUBLE (Line Drive, 78D, EV 108.1 MPH)
Batting: LHB Jim Davis 0-0: Called Strike
0-1: Swinging Strike
0-2: Fly out, F5 (Popup, 5F, EV 56.3 MPH)
Batting: LHB Jeremy Papish 0-0: Ball
1-0: Ball
2-0: Fly out, F3 (Line Drive, 34, EV 66.9 MPH)
Lined into DP, 3-6 (Line Drive, 34, EV 66.9 MPH)
Top of the 9th over - 0 runs, 1 hit, 0 errors, 0 left on base; Colorado 6 - Detroit 3
BOTTOM OF THE 9TH
Detroit Tigers batting - Pitching for Colorado Rockies : RHP Ricky Aguilera
Batting: RHB Ed Hochstetler 0-0: Ball
1-0: SINGLE (Line Drive, 89M, EV 109.4 MPH)
Batting: LHB Tim Wilson 0-0: Ball
1-0: Ball
2-0: Ball
3-0: Called Strike
3-1: Foul Ball, location: 25FF
3-2: Foul Ball, location: 2F
3-2: Foul Ball, location: 2F
3-2: Fielders Choice at 2nd, 6-4 (Groundball, 6, EV 82.5 MPH)
Batting: LHB Denny Marshall 0-0: Ball
1-0: DOUBLE (Line Drive, 9LM, EV 102.5 MPH)
Tim Wilson to third
Batting: SHB Mike Knighten 0-0: Called Strike
0-1: Foul Ball, location: 7LSF
0-2: Ball
1-2: Foul Ball, location: 5FF
1-2: Foul Ball, location: 23F
1-2: Ball
2-2: Fly out, F6 (Popup, 15, EV 76.9 MPH)
Pitching: RHP Danny Dudley
Batting: RHB Allan Alessi 0-0: Called Strike
0-1: Swinging Strike
0-2: Foul Ball, location: 7LSF
0-2: Ball
1-2: Ground out 6-3 (Groundball, 6, EV 90.6 MPH)
Bottom of the 9th over - 0 runs, 2 hits, 0 errors, 2 left on base; Colorado 6 - Detroit 3
Friday, May 3rd , 2024 - OOTP Baseball 24.11 Build 85